 Dungeon Crawl Stone Soup version 0.25.1-2-g60ff931df9 (webtiles) character file.

Game seed: 15680264674850709682

142 TheAlmogaver the Chopper (level 5, -2/47 HPs)
             Began as a Minotaur Berserker on Nov 7, 2020.
             Was a Believer of Trog.
             Slain by a hippogriff (5 damage)
             ... on level 2 of the Dungeon.
             The game lasted 00:05:27 (2860 turns).

TheAlmogaver the Chopper (Minotaur Berserker)       Turns: 2860, Time: 00:05:28

Health: -2/47      AC:  6    Str: 22    XL:     5   Next: 3%
Magic:  4/4        EV: 11    Int:  4    God:    Trog [**....]
Gold:   99         SH:  0    Dex: 10    Spells: 4/4 levels left

rFire    . . .     SeeInvis .   a - +0 hand axe
rCold    . . .     Gourm    .   (no shield)
rNeg     . . .     Faith    .   q - +0 ring mail
rPois    .         Spirit   .   (helmet restricted)
rElec    .         Reflect  .   (no cloak)
rCorr    .         Harm     .   (no gloves)
MR       .....                  j - +0 pair of boots
Stlth    ..........             (no amulet)
HPRegen  0.15/turn              (no ring)
MPRegen  0.09/turn              (no ring)

@: drained
A: retaliatory headbutt, horns 2
a: Berserk, Trog's Hand, Renounce Religion


You were on level 2 of the Dungeon.
You worshipped Trog.
Trog was pleased with you.
You were hungry.

You visited 1 branch of the dungeon, and saw 3 of its levels.

You collected 99 gold pieces.

Inventory:

Hand Weapons
 a - a +0 hand axe (weapon)
Armour
 b - a +0 animal skin
 j - a +0 pair of boots (worn)
 q - a +0 ring mail (worn)
Scrolls
 d - a scroll of enchant armour {unknown}
 f - a scroll of teleportation {unknown}
 g - 3 scrolls of fear {unknown}
 h - a scroll of identify {unknown}
 n - 2 scrolls of noise {unknown}
 o - 2 scrolls of magic mapping {unknown}
 r - a scroll of fog {unknown}
Potions
 e - a potion of curing {unknown}
 i - a potion of brilliance {unknown}
 k - a potion of lignification {unknown}
 l - a potion of haste {unknown}
 p - a potion of stabbing {unknown}
Comestibles
 c - 3 rations
 m - 3 chunks of flesh


   Skills:
 + Level 4.7(4.0) Fighting
 + Level 4.8(4.1) Axes
 + Level 3.6(2.9) Armour
 + Level 3.3(2.7) Dodging


You had 4 spell levels left.
You didn't know any spells.
Your spell library was empty.

Dungeon Overview and Level Annotations

Branches:
Dungeon (3/15)

Altars:


Innate Abilities, Weirdness & Mutations

You reflexively headbutt those who attack you in melee.
You have a pair of horns on your head.


Message History

The hippogriff claws you but does no damage.
Your skin stops crawling.
You feel less resistant to hostile enchantments.
There is a stone staircase leading up here.
The hippogriff bites you but does no damage.
The hippogriff pecks you.
* * * LOW HITPOINT WARNING * * *
The hippogriff barely misses you.
You climb upwards.
There is a stone staircase leading down here.
There is an open door here.
The hippogriff barely misses you. The hippogriff pecks you.
* * * LOW HITPOINT WARNING * * *
The hippogriff claws you but does no damage.
There is an open door here.
You are feeling hungry.
The hippogriff bites you.
* * * LOW HITPOINT WARNING * * *
The hippogriff pecks you.
You die...

...(# #.# ###.# #.......#># #####
#.# #...# #########.# #.# #...#
#.# #.## #...# ##'# # #..# ##.##
##... ## ####.# #.#### ##.... .##
##.##.# #.##.## ##....)
..####...#.#######.#...####......
..+..........)..@H........'......
..####...#.####........####......
.## ##.##.# #.##.##..# ##..... ##
####.# #.##.###.# ##.... # #...#
#.##.# #.# ##... #.### #.##.# #.#
##+# #.# #.##.###.# #.# ### #.#
#........# #.# ..# #.#
#####.############.#


You could see a hippogriff.

Vanquished Creatures
  An orc wizard (D:3)
  3 adders
  A worm (D:2)
  5 dart slugs
  2 leopard geckos
  2 orcs (D:3)
  A ball python (D:1)
  6 bats
  5 giant cockroaches
  6 goblins
  8 hobgoblins
  4 jackals (D:2)
  2 frilled lizards
  14 kobolds
  5 rats
65 creatures vanquished.

Notes
Turn   | Place    | Note
-------+----------+-------------------------------------------
     0 | D:1      | TheAlmogaver the Minotaur Berserker began the quest for the
                  | Orb.
     0 | D:1      | Reached XP level 1. HP: 19/19 MP: 0/0
   354 | D:1      | Reached XP level 2. HP: 27/27 MP: 1/1
   853 | D:1      | Reached XP level 3. HP: 29/33 MP: 2/2
   925 | D:1      | Reached ** piety under Trog
  1844 | D:2      | Reached XP level 4. HP: 37/41 MP: 3/3
  2361 | D:3      | Found a faded altar of an unknown god.
  2641 | D:3      | Reached XP level 5. HP: 41/47 MP: 4/4
  2802 | D:3      | Noticed a hippogriff
  2860 | D:2      | Slain by a hippogriff

Illustrated notes

Levels and vault maps discovered:
D:1:      dpeg_arrival_houses_and_road, layout_basic, minivault_23
D:2:      layout_loops_corners
D:3:      layout_loops_ring, chequers_ecumenical_altar_simple

Skill      XL: |  1  2  3 |
---------------+----------+-----
Axes           | 4 |  4.8
Fighting       | 4 |  4.7
Armour         | 3 |  3.6
Dodging        | 3 |  3.3

Action                   |  1- 3 |  4- 6 || total
-------------------------+-------+-------++-------
Melee: Hand axe          |    81 |    57 ||   138
       Headbutt          |    11 |    12 ||    23
Invok: Trog's Hand       |       |     1 ||     1
  Eat: Chunk             |     3 |     3 ||     6
Armor: Animal skin       |    10 |       ||    10
       Ring mail         |     8 |    29 ||    37
Dodge: Dodged            |    44 |    39 ||    83
